 Dungeon Crawl Stone Soup version 0.31-a0-692-gf03d1854d5 (webtiles) character file.

Game seed: 15372225330595356066

54 qw the Shooter (level 3, -4/23 HPs)
             Began as a Gargoyle Hunter on Sept 6, 2023.
             Slain by Sigmund
             ... wielding a +0 scythe
              (8 damage)
             ... on level 2 of the Dungeon.
             The game lasted 00:00:25 (1014 turns).

qw the Shooter (Gargoyle Hunter)                    Turns: 1014, Time: 00:00:26

Health: -4/23      AC:  6    Str: 14    XL:     3   Next: 91%
Magic:  3/3        EV: 11    Int:  9    God:
Gold:   90         SH:  0    Dex: 15    Spells: 2/2 levels left

rFire   . . .        Y - +0 shortbow
rCold   . . .        (shield currently unavailable)
rNeg    + . .        c - +0 leather armour
rPois   inf          (no helmet)
rElec   +            (no cloak)
rCorr   .            (no gloves)
SInv    .            (no boots)
Will    .....        (no amulet)
Stlth   ++           (no ring)
HPRegen 0.23/turn    (no ring)
MPRegen 0.08/turn

%: no passive effects
@: no status effects
A: sickness immunity, AC +3, negative energy resistance 1, electricity
resistance, torment resistance 1, petrification resistance
a: no special abilities


You were on level 2 of the Dungeon.
You visited 1 branch of the dungeon, and saw 2 of its levels.

You collected 90 gold pieces.


Innate Abilities, Weirdness & Mutations

You are immune to sickness and miasma.
Your stone body is resilient. (AC +3)
You are immune to poison.
You resist negative energy. (rN+)
You are resistant to electric shocks. (rElec)
You are resistant to unholy torment.
You are immune to petrification.


   Skills:
 - Level 3.0 Fighting
 + Level 5.0 Ranged Weapons
 - Level 1.5 Dodging
 - Level 1.1 Stealth


You had 2 spell levels left.
You didn't know any spells.
Your spell library was empty.

Inventory:

Hand Weapons
 Y - a +0 shortbow (weapon)
Armour
 c - a +0 leather armour (worn)
Scrolls
 b - a scroll of identify {unknown}
Potions
 a - a potion of enlightenment {unknown}
 f - a potion of brilliance {unknown}

Dungeon Overview and Level Annotations

Branches:
Dungeon (2/15)

Altars:
Fedhas

Annotations:
D:2 Sigmund


Message History

Enter note:
Enter note:
1002 |||
Found retreat position at -2,-4 (floor) with 0 blocking monsters and 1 monsters attacking at destination at distance 7
Enter note:
Enter note:
Enter note:
1003 |||
Found retreat position at -1,-4 (floor) with 0 blocking monsters and 1 monsters attacking at destination at distance 6
Enter note:
Enter note:
Enter note:
Enter note:
Enter note:
Enter note:
Enter note:
1005 |||
Found retreat position at 1,-4 (floor) with 0 blocking monsters and 1 monsters attacking at destination at distance 4
Enter note:
Enter note:
Enter note:
1006 |||
Found retreat position at 2,-3 (floor) with 0 blocking monsters and 1 monsters attacking at destination at distance 3 A jelly is nearby!
You shoot an arrow. The arrow hits the jelly.
The jelly is lightly wounded.
You shoot an arrow. The arrow completely misses the jelly.
The jelly hits you.
You are splashed with acid!
You shoot an arrow. The arrow hits the jelly.
The jelly is lightly wounded.
The jelly barely misses you.
Enter note:
Enter note:
Enter note: You shoot an arrow.
The arrow hits the jelly!
The jelly is heavily wounded.
Sigmund says, "I'm your fate." Sigmund barely misses you.
The jelly barely misses you.
You shoot an arrow. The arrow hits the jelly!
The jelly is severely wounded.
The jelly hits you.
You are splashed with acid!
Sigmund hits you from afar with a +0 scythe!
You die...
Sigmund begins carving another notch in his scythe.

.....#
#..##.#.....###.......#
.##.## #..##.#.....#
#.......#
###.####..##.#...#.#
#.......#
........<..........#
#.......#
######....##.#...###
#.......#
.............#.....#
##+######
..#..###.#.###..##.# # #..#
#.#.........# .#
#..###.#.###.#@### ..
#............J.# ##.##
##...#......@#####...$###
#...###..#.....J..@.....
####...###....###...%......
#......##.....###.#.#......
#....#.##.....#...#.#......
####.#.##.....#.###.# ..<..
....?#.##...#...# #.# .....


You could see Sigmund and a jelly.

Vanquished Creatures
  An adder (D:2)
  3 dart slugs
  A ball python (D:1)
  2 endoplasms (D:2)
  2 giant cockroaches (D:2)
  3 goblins (D:1)
  3 hobgoblins
  7 jackals
  2 kobolds (D:1)
  4 quokkas
  A bat (D:1)
  2 frilled lizards (D:1)
  3 rats
34 creatures vanquished.

Notes
Turn   | Place    | Note
-------+----------+-------------------------------------------
     0 | D:1      | qw the Gargoyle Hunter began the quest for the Orb.
     0 | D:1      | Reached XP level 1. HP: 12/12 MP: 1/1
     0 | D:1      | 0 ||| qw: Version: 0.3-a-76-g4403597
     0 | D:1      | 0 ||| qw: Game counter: 306
     0 | D:1      | 0 ||| qw: Melee chars always use a shield: true
     0 | D:1      | 0 ||| qw: God list: Okawaru
     0 | D:1      | 0 ||| qw: Allow faded altars: false
     0 | D:1      | 0 ||| qw: Do Orc after clearing Dungeon:15 true
     0 | D:1      | 0 ||| qw: Do second Lair branch before Depths: true
     0 | D:1      | 0 ||| qw: Lair rune preference: random
     0 | D:1      | 0 ||| qw: Goals: Normal
     0 | D:1      | 0 ||| PLANNING D:1-11
    86 | D:1      | Reached XP level 2. HP: 17/17 MP: 2/2
   376 | D:1      | Reached XP level 3. HP: 21/21 MP: 3/3
   381 | D:1      | Reached skill level 5 in Ranged Weapons
   387 | D:1      | Found a faded altar of an unknown god.
   619 | D:1      | 619 ||| READING scroll labelled ZEMODESUISIER.
   659 | D:1      | Found a blossoming altar of Fedhas.
   667 | D:1      | 667 ||| READING scroll labelled UDWOCO PU YRUT.
   668 | D:1      | 668 ||| DROPPING scroll of butterflies.
   924 | D:2      | Reached skill level 3 in Fighting
  1000 | D:2      | Noticed Sigmund
  1001 | D:2      | 1001 ||| RETREATING.
  1014 | D:2      | HP: 4/23 [acid (9)]
  1014 | D:2      | Slain by Sigmund

Levels and vault maps discovered:
D:1:      dpeg_arrival_lava_altar, layout_rooms,
          hellmonk_ecumenical_altar_dog_temple
D:2:      layout_basic, uniq_sigmund

Skill      XL: |  1  2  3 |
---------------+----------+-----
Ranged Weapons | 5 |  5.0
Fighting       | 3 |  3.0
Dodging        | |  1.5
Stealth        | |  1.1

Action                     || total
---------------------------++-------
   Fire: Shortbow          ||   102
    Use: Scroll            ||     2
 Armour: Leather armour    ||    36
  Dodge: Dodged            ||    35

Table legend:
 A = Non-vault XP
 B = Vault XP
 C = Vault XP percentage of total XP
 D = Non-vault monster count
 E = Vault monster count
 F = Vault count percentage of total count
                 A         B        C        D         E       F
            +---------+---------+-------+---------+---------+-------
      Total |      72 |       6 |   7.7 |      31 |       3 |   8.8
            +---------+---------+-------+---------+---------+-------
        D:1 |      35 |       6 |  14.6 |      18 |       3 |  14.3
        D:2 |      37 |       0 |   0.0 |      13 |       0 |   0.0
            +---------+---------+-------+---------+---------+-------
